 Dungeon Crawl Stone Soup version 0.25-a0-699-g25a338df49 (webtiles) character file.

Game seed: 11799425364840420394, levelgen mode: deterministic

1458 M4edhros the Sneak (level 8, 0/48 HPs)
             Began as an Octopode Artificer on Apr 2, 2020.
             Was a Believer of Cheibriados.
             Slain by a gnoll
             ... wielding a +0 spear
              (7 damage)
             ... on level 6 of the Dungeon.
             The game lasted 00:14:23 (4758 turns).

M4edhros the Sneak (Octopode Artificer)             Turns: 4758, Time: 00:14:23

Health: 0/48       AC:  1    Str: 17    XL:     8   Next: 76%
Magic:  12/12      EV: 14    Int: 18    God:    Cheibriados [**....]
Gold:   134        SH:  0    Dex: 19    Spells: 4/7 levels left

rFire    . . .     SeeInvis .   k - +2 spear (venom)
rCold    . . .     Gourm    .   (no shield)
rNeg     . . .     Faith    .   (helmet restricted)
rPois    .         Spirit   .   (no amulet)
rElec    .         Reflect  .   n - ring of wizardry
rCorr    .         Harm     .   (no ring)
MR       .....                  (no ring)
Stlth    +++++.....             (no ring)
HPRegen  0.16/turn              (no ring)
MPRegen  0.13/turn              (no ring)
                                (no ring)
                                (no ring)

@: very slow
A: almost no armour, stealthy swim, amphibious, 8 rings, constrict 8, camouflage
1, gelatinous body 1
a: Bend Time, Renounce Religion


You were on level 6 of the Dungeon.
You worshipped Cheibriados.
Cheibriados was pleased with you.
You were not hungry.

You visited 2 branches of the dungeon, and saw 7 of its levels.

You collected 194 gold pieces.
You spent 60 gold pieces at shops.

Inventory:

Hand Weapons
 a - a +0 short sword
 k - a +2 spear of venom (weapon)
Jewellery
 n - a ring of wizardry (left tentacle)
Wands
 c - a wand of enslavement (8)
 d - a wand of random effects (14)
Scrolls
 h - a scroll of enchant armour {unknown}
 l - a scroll of amnesia {unknown}
 m - a scroll of remove curse
 p - a scroll of fog {unknown}
 q - a scroll of teleportation
 r - a scroll of random uselessness {unknown}
 s - 2 scrolls of immolation
Potions
 g - a potion of brilliance
 i - 2 potions of curing
 j - 2 potions of berserk rage
 o - 2 potions of ambrosia
 t - a potion of stabbing
 u - 2 potions of might
Comestibles
 f - 9 rations


   Skills:
 - Level 1.0 Fighting
 - Level 1.0 Short Blades
 - Level 5.4 Polearms
 - Level 2.0 Dodging
 + Level 7.2 Stealth
 + Level 1.0 Unarmed Combat
 * Level 5.0 Translocations
 + Level 6.4 Evocations


You had 4 spell levels left.
You knew the following spells:

 Your Spells              Type           Power        Failure   Level  Hunger
a - Gell's Gravitas       Tloc           ###.......   3%          3    ####...

Your spell library contained the following spells:

 Spells                   Type           Power        Failure   Level  Hunger
 Confusing Touch          Hex            #.......     26%         3    ####...
 Petrify                  Tmut/Erth      #.......     61%         4    #####..
 Metabolic Englaciation   Hex/Ice        #.........   91%         5    ######.
 Yara's Violent Unravell  Hex/Tmut       #.........   91%         5    ######.


Dungeon Overview and Level Annotations

Branches:
Dungeon (6/15)             Temple (1/1) D:6

Altars:
Ashenzari
Cheibriados
Elyvilon
Fedhas
Makhleb
Ru
Vehumet
Yredelemnul
The Shining One

Shops:
D:4 ?

Annotations:
D:4 3 runed translucent doors, EpicUbivator's ghost, amateur MiBe


Innate Abilities, Weirdness & Mutations

You cannot wear most types of armour.
You are very stealthy in the water. (Stealth+)
You are amphibious.
You can wear up to eight rings at the same time.
You can use your tentacles to constrict eight enemies at once.
Your skin changes colour to match your surroundings (Stealth+).
Your rubbery body absorbs attacks. (AC +1, EV +1)


Message History

You constrict the gnoll. The gnoll completely misses you. The gnoll hits you.
* * * LOW HITPOINT WARNING * * *
You feel better.
You constrict the gnoll.
You kill the gnoll!
Cheibriados appreciates the change of pace.
Your Unarmed Combat skill increases to level 1!
Your Translocations skill increases to level 5!
The gnoll hits you from afar with a +0 spear!
* * * LOW HITPOINT WARNING * * *
You drop a potion of berserk rage.
The gnoll hits you from afar with a +0 spear.
* * * LOW HITPOINT WARNING * * *
Attack whom?
Press: ? - help, Dir - move target cursor, f/p - gnoll
Aim: a gnoll, wielding a +0 spear (moderately wounded, very poisoned)
You reach to attack!
You hit the gnoll but do no damage.
The gnoll looks as sick as possible!
The gnoll is moderately wounded.
The gnoll hits you from afar with a +0 spear!
You die...

,,,,>..###.......#.......†###....
,,,,...,#........*..####.<..Y...#
,,,,,,,,............#.##..#.....#
,,,,,,,,.................##,#...#
,,,,,.........#.##........#.*#..#
,,,,*....................##.,##..
,,,,,.....*#.............##.##..#
,,,,,.....##....##.......#..##...
,,*,,...........@................
***,,..........!##.#.#...........
* *,,..........g.g.#####.......#.
*,,,..#....#.....##.........#..
**,,,*###.....##.##....##...#..
*,,,* #.....#.....#..##..###.
*****###..........###....###..
#..........###.#.#..# #..
###..>.....#.....#..####.


You could see a gnoll.

Vanquished Creatures
  Menkaure (D:6)
  2 ice beasts
  A centaur (D:5)
  Blork the orc (D:5)
  A scorpion (D:4)
  A crimson imp (D:5)
  A jelly (D:5)
  A bullfrog zombie (D:5)
  A hound (D:6)
  9 orc wizards
  3 orc priests (D:4)
  2 bullfrog skeletons
  3 iguanas (D:4)
  2 worker ants
  13 adders
  5 gnolls
  5 worms
  5 dart slugs
  3 leopard geckos
  13 orcs
  2 ball pythons
  4 giant cockroaches
  13 goblins
  14 hobgoblins
  8 jackals
  7 kobolds
  2 quokkas
  2 bats
  5 frilled lizards
  A leopard gecko skeleton (D:5)
  13 rats
144 creatures vanquished.

Vanquished Creatures (collateral kills)
  An orc (D:4)
  3 jackals (D:6)
4 creatures vanquished.

Vanquished Creatures (others)
  A centaur zombie (D:5)
  A gnoll (D:6)
2 creatures vanquished.

Grand Total: 150 creatures vanquished

Notes
Turn   | Place    | Note
-------+----------+-------------------------------------------
     0 | D:1      | M4edhros the Octopode Artificer began the quest for the
                  | Orb.
     0 | D:1      | Reached XP level 1. HP: 13/13 MP: 3/3
   251 | D:1      | Reached skill level 2 in Stealth
   297 | D:1      | Reached XP level 2. HP: 13/18 MP: 4/4
   624 | D:2      | Reached skill level 3 in Stealth
   624 | D:2      | Reached XP level 3. HP: 18/23 MP: 5/5
   838 | D:2      | Reached skill level 4 in Stealth
   838 | D:2      | Reached XP level 4. HP: 28/28 MP: 7/7
   907 | D:2      | Reached skill level 1 in Polearms
  1405 | D:2      | Reached XP level 5. HP: 33/33 MP: 8/8
  1674 | D:4      | Found Paraw's Magic Scroll Boutique,
  1685 | D:4      | Reached skill level 5 in Evocations
  1768 | D:4      | Bought a scroll of teleportation for 36 gold pieces
  1768 | D:4      | Bought a scroll of identify for 24 gold pieces
  1784 | D:4      | Reached skill level 5 in Stealth
  1784 | D:4      | Reached XP level 6. HP: 19/38 MP: 9/9
  2069 | D:4      | Learned a level 3 spell: Gell's Gravitas
  2086 | D:5      | Entered Level 5 of the Dungeon
  2415 | D:5      | Reached skill level 1 in Translocations
  2431 | D:5      | Noticed Blork the orc
  2915 | D:5      | Killed Blork the orc
  2915 | D:5      | Reached XP level 7. HP: 26/43 MP: 11/11
  3170 | D:6      | Found a white marble altar of Elyvilon,
  3284 | D:6      | Noticed Menkaure
  3290 | D:6      | Killed Menkaure
  3290 | D:6      | Reached skill level 6 in Stealth
  3390 | D:6      | Found a staircase to the Ecumenical Temple,
  3407 | Temple   | Entered the Ecumenical Temple
  3451 | Temple   | Became a worshipper of Cheibriados the Contemplative
  3720 | D:4      | Reached XP level 8. HP: 37/48 MP: 12/12
  3846 | D:2      | Reached * piety under Cheibriados
  4350 | D:4      | Found a runed translucent gate,
  4350 | D:4      | Found a runed translucent gate,
  4350 | D:4      | Found a runed translucent gate,
  4355 | D:4      | Reached ** piety under Cheibriados
  4355 | D:4      | Reached skill level 5 in Polearms
  4356 | D:4      | Noticed EpicUbivator's ghost (amateur MiBe)
  4665 | D:6      | Reached skill level 7 in Stealth
  4756 | D:6      | Reached skill level 1 in Unarmed Combat
  4756 | D:6      | Reached skill level 5 in Translocations
  4758 | D:6      | Slain by a gnoll

Levels and vault maps discovered:
D:1:      lightli_arrival_isolated_outpost, layout_basic
D:2:      minmay_recursive_quarters, layout_loops_ring, nrook_campfire,
          minmay_joined_circles
D:3:      layout_loops_ring, gammafunk_temple_overflow_elements,
          minmay_misc_feat_doors, tso_altar
D:4:      layout_loops_ring, lemuel_coloured_pillars_altar,
          ebering_ghost_rock_garden, serial_shops, shop_scrolls
D:5:      layout_cave_pools, first_ration, uniq_blork_the_orc
D:6:      layout_cave_pools, minmay_temple_entry_wispy, elyvilon_altar_1,
          uniq_menkaure
Temple:   regret_index_temple_sphere_string

Skill      XL: |  1  2  3  4  5  6  7  8 |
---------------+-------------------------+-----
Stealth        | 2 3 4 5 6 7 |  7.2
Evocations     | 4 5 6 |  6.4
Polearms       | 1 2 3 4 5 |  5.4
Translocations | 2 3 5 |  5.0
Unarmed Combat | 1 |  1.0
Fighting       | |  1.0
Short Blades   | |  1.0
Dodging        | |  2.0

Action                   |  1- 3 |  4- 6 |  7- 9 || total
-------------------------+-------+-------+-------++-------
Melee: Short sword       |    43 |     4 |       ||    47
       Tentacles         |    10 |    22 |    38 ||    70
       Constrict         |    13 |    29 |    39 ||    81
       Spear             |       |   119 |   156 ||   275
Evoke: Wand              |     4 |     7 |    12 ||    23
  Use: Potion            |       |     2 |     4 ||     6
       Scroll            |       |     4 |     5 ||     9
 Stab: Sleeping          |     2 |     9 |    18 ||    29
       Distracted        |       |       |     1 ||     1
  Eat: Chunk             |       |     6 |     5 ||    11
Armor: Skin              |       |     5 |     6 ||    11
Dodge: Dodged            |    24 |    54 |    52 ||   130

Table legend:
 A = Non-vault XP
 B = Vault XP
 C = Vault XP percentage of total XP
 D = Non-vault monster count
 E = Vault monster count
 F = Vault count percentage of total count
                 A         B        C        D         E       F
            +---------+---------+-------+---------+---------+-------
      Total |    1744 |     340 |  16.3 |     125 |      24 |  16.1
            +---------+---------+-------+---------+---------+-------
        D:1 |      34 |       2 |   5.6 |      18 |       1 |   5.3
        D:2 |     156 |      75 |  32.5 |      37 |      21 |  36.2
        D:3 |      65 |       0 |   0.0 |      15 |       0 |   0.0
        D:4 |     695 |       0 |   0.0 |      27 |       0 |   0.0
        D:5 |     419 |      94 |  18.3 |      15 |       1 |   6.2
        D:6 |     375 |     169 |  31.1 |      13 |       1 |   7.1
            +---------+---------+-------+---------+---------+-------
